 Dungeon Crawl Stone Soup version 0.19-a0-1834-g6b7851e (webtiles) character file.

53 Alarkh the Firebug (level 3, -7/24 HPs)
             Began as a Mummy Fire Elementalist on Oct 9, 2016.
             Mangled by Philosophy's ghost (12 damage)
             ... on level 3 of the Dungeon.
             The game lasted 00:02:31 (2001 turns).

Alarkh the Firebug (Mummy Fire Elementalist)        Turns: 2001, Time: 00:02:32

Health: -7/24      AC:  2    Str: 11    XL:     3   Next: 64%
Magic:  3/6        EV: 12    Int: 17    God:
Gold:   25         SH:  0    Dex: 12    Spells: 2 memorised, 3 levels left

rFire  x . .     SeeInvis .     c - +0 dagger
rCold  + . .     Gourm    .     a - +0 robe
rNeg   + + +     Faith    .     (no shield)
rPois  ∞         Spirit   .     (no helmet)
rElec  .         Dismiss  .     (no cloak)
rCorr  .         Reflect  .     (no gloves)
MR     .....     Harm     .     (no boots)
Stlth  +.........               (no amulet)
                                i - ring of loudness
                                l - +2 ring of intelligence

@: no status effects
A: no food or potions, fire vulnerability, cold resistance 1, negative energy
resistance 3, torment resistance, unbreathing
a: no special abilities


You were on level 3 of the Dungeon.
You were not hungry.

You visited 1 branch of the dungeon, and saw 3 of its levels.

You collected 25 gold pieces.

Inventory:

Hand Weapons
 c - a +0 dagger (weapon)
Armour
 a - a +0 robe (worn)
 j - a +0 buckler
Jewellery
 e - an uncursed ring of see invisible
 i - a ring of loudness (right hand)
 l - a +2 ring of intelligence (left hand)
Scrolls
 d - 2 scrolls of remove curse
 f - a scroll of identify {unknown}
 g - a scroll of enchant weapon {unknown}
 h - a scroll of recharging {unknown}
 k - a scroll of blinking {unknown}
Books
 b - a book of Flames

   Spells                             Type                      Level
   a - Flame Tongue                   Conjuration/Fire             1
   b - Throw Flame                    Conjuration/Fire             2
   c - Conjure Flame                  Conjuration/Fire             3
   d - Inner Flame                    Hexes/Fire                   3
   e - Sticky Flame                   Conjuration/Fire             4
   f - Fireball                       Conjuration/Fire             5


   Skills:
 - Level 1.5 Dodging
 - Level 1.5 Stealth
 + Level 2.5 Spellcasting
 + Level 1.8 Conjurations
 + Level 3.0 Fire Magic


You had 3 spell levels left.
You knew the following spells:

 Your Spells              Type           Power        Failure   Level  Hunger
a - Flame Tongue          Conj/Fire      ##...        10%         1    N/A
b - Conjure Flame         Conj/Fire      ##......     21%         3    N/A

Dungeon Overview and Level Annotations

Branches:
Dungeon (3/15)

Altars:

Annotations:
D:3 Philosophy's ghost, amateur MiBe


Innate Abilities, Weirdness & Mutations

You do not eat or drink.
Your flesh is vulnerable to fire.
You are immune to poison.
Your flesh is cold resistant. (rC+)
You are immune to negative energy. (rN+++)
You are immune to unholy pain and torment.
You can survive without breathing.


Message History

Confirm with . or Enter, or press ? or * to list all spells.
Aiming: Flame Tongue
Press: ? - help, Shift-Dir - straight line, f/p - Philosophy's ghost
Aim: Philosophy's ghost (lightly damaged)
The flame tongue hits Philosophy's ghost.
Philosophy's ghost is moderately damaged.
Philosophy's ghost hits you.
Casting: Flame Tongue
Confirm with . or Enter, or press ? or * to list all spells.
Aiming: Flame Tongue
Press: ? - help, Shift-Dir - straight line, f/p - Philosophy's ghost
Aim: Philosophy's ghost (moderately damaged)
The flame tongue hits Philosophy's ghost.
Philosophy's ghost is moderately damaged.
Philosophy's ghost hits you!
Ouch! That really hurt!
* * * LOW HITPOINT WARNING * * *
Philosophy's ghost hits you!
Ouch! That really hurt!
You die...

#.##########..# ## ####.##
####..# .. .....# #.....# ##
##..######.##.##
#........#.##.#
#...####%#.##.# #...#
#.#.##.# #######...#
#.#!##.# ..........#
#..@W..#
########..####.###..#######.
#..†....# #..........
##.###..###.########. #.#
#......# #.# #..##########
#.# #...........#
#########.#
##.########.#######
..........# #.# #.......#


You could see Philosophy's ghost.

Vanquished Creatures
  2 adders
  An ooze (D:1)
  3 giant cockroaches
  3 goblins (D:1)
  4 hobgoblins
  3 jackals (D:2)
  A quokka (D:2)
  4 bats
  6 frilled lizards
  2 kobolds (D:1)
  4 rats
33 creatures vanquished.

Notes
Turn   | Place    | Note
-------+----------+-------------------------------------------
     0 | D:1      | Alarkh the Mummy Fire Elementalist began the quest for the Orb.
     0 | D:1      | Reached XP level 1. HP: 13/13 MP: 3/3
    94 | D:1      | Reached skill level 1 in Conjurations
   188 | D:1      | Reached XP level 2. HP: 13/19 MP: 1/5
  1109 | D:2      | Reached XP level 3. HP: 24/24 MP: 1/6
  1581 | D:3      | Reached skill level 3 in Fire Magic
  1672 | D:3      | Noticed Philosophy's ghost (amateur MiBe)
  1679 | D:3      | Learned a level 3 spell: Conjure Flame
  1710 | D:3      | HP: 1/24 [Philosophy's ghost (13)]
  2001 | D:3      | Mangled by Philosophy's ghost

Vault maps used:
D:1:      lightli_arrival_isolated_outpost, serial_forest,
          infiniplex_forest_lined_2, infiniplex_forest_lined_corner,
          infiniplex_forest_pool, infiniplex_forest_lined_4_way,
          infiniplex_forest_straight_5, infiniplex_forest_corner_2,
          infiniplex_forest_lined_room_2
D:3:      uniq_crazy_yiuf_cottage

Skill      XL: |  1  2  3 |
---------------+----------+-----
Conjurations   | 1 |  1.8
Fire Magic     | 3 |  3.0
Dodging        | |  1.5
Stealth        | |  1.5
Spellcasting   | |  2.5

Action                   || total
-------------------------++-------
Melee: Dagger            ||    22
 Cast: Flame Tongue      ||    63
       Conjure Flame     ||     1
  Use: Scroll            ||     1
Armor: Robe              ||    10
Dodge: Dodged            ||    33
